Map: Berlingrad LE

Players

Fishincrisis

  • Race: Terran Terran
  • League: Diamond
  • Spawn Location: 11:00

Pumba - Winner!

  • Race: Protoss Protoss
  • League: Diamond
  • Spawn Location: 5:00

VOD

Have the link to the VOD?

Description

Time

  • Played on: Feb. 15, 2022, 8:06 p.m.
  • Length: 10:00
Show
View Real Time Build Order
Export as new Build Order

Fishincrisis Terran 

Build Orders:  

Get SALT Encoding   

  12  0:00  SCV  
  13  0:12  SCV  
  14  0:17  Supply Depot  
  14  0:24  SCV  
  15  0:39  SCV  
  15  0:40  Barracks  
  16  0:46  Refinery  
  16  0:51  SCV  
  17  1:03  SCV  
  18  1:15  SCV  
  19  1:30  Orbital Command  
  19  1:34  Barracks Reactor  
  19  1:48  Command Center  
  19  1:57  SCV  
  20  2:02  Supply Depot  
  20  2:09  SCV  
  20  2:11  Marine x2  
  23  2:22  Barracks  
  23  2:24  Barracks  
  23  2:27  SCV  
  24  2:34  Refinery, Marine  
  25  2:37  Marine  
  25  2:39  SCV  
  27  2:51  SCV  
  27  2:56  Marine x2  
  30  3:05  SCV  
  31  3:06  Orbital Command  
  31  3:12  Supply Depot, Barracks Tech Lab  
  31  3:13  Barracks Reactor  
  31  3:18  Factory  
  31  3:19  SCV  
  32  3:24  Marine x2  
  34  3:32  SCV x2  
  36  3:41  Stimpack  
  36  3:43  Marine x2  
  36  3:47  SCV x2  
  40  3:50  Marine x2  
  40  3:52  Marauder  
  44  3:59  SCV  
  44  4:01  SCV  
  46  4:03  Starport  
  46  4:06  Marine x2  
  46  4:07  Marine  
  46  4:08  Marine  
  50  4:13  Marauder  
  50  4:14  Supply Depot  
  52  4:19  Factory Reactor  
  52  4:21  SCV  
  52  4:22  SCV  
  54  4:35  Marine x4  
  54  4:36  Supply Depot, Marauder  
  60  4:41  Supply Depot  
  60  4:42  SCV x2  
  62  4:54  SCV x2  
  62  4:55  Marine x3  
  62  4:56  Marine  
  68  5:02  Marauder  
  68  5:03  Medivac x2  
  74  5:07  Supply Depot  
  74  5:09  SCV  
  74  5:11  SCV  
  74  5:13  Marine  
  77  5:14  Marine  
  77  5:19  Refinery  
  78  5:22  Concussive Shells  
  78  5:23  Marauder  
  80  5:31  Supply Depot  
  80  5:32  SCV x2  
  77  5:43  Marine x2  
  77  5:44  Marine x2  
  77  5:46  Factory Tech Lab, Marauder  
  77  5:48  Medivac x2  
  87  6:03  Command Center, Marine x3  
  72  6:25  Marine  
  72  6:26  Marauder, Marine x2  
  72  6:27  Siege Tank  
  63  6:51  Marine x4  
  63  6:52  Marauder  
  63  6:53  Combat Shield  
  69  6:56  Liberator  
  70  7:01  Engineering Bay x2  
  70  7:15  Marine x4  
  71  7:16  Marauder  
  71  7:17  Siege Tank  
  79  7:24  Refinery  
  79  7:26  Orbital Command  
  79  7:27  SCV x2  
  81  7:30  Terran Infantry Weapons Level 1  
  81  7:33  Supply Depot  
  81  7:34  Marine  
  81  7:35  Supply Depot  
  82  7:46  Marine x4  
  81  7:52  Marine  
  79  8:04  Marine x2  
  74  8:06  Armory  
  74  8:08  SCV x2  
  74  8:10  Orbital Command  
  74  8:11  Marauder, Marine  
  76  8:28  Missile Turret  
  76  8:41  Marine  
  76  8:42  Marine x3  
  76  8:43  Marauder  
  76  8:45  SCV x2  
  76  8:47  SCV  
  85  8:48  Missile Turret  
  85  9:02  Marine x4  
  84  9:04  Marauder  
  88  9:22  Barracks, SCV  
  88  9:23  SCV x2  
  91  9:26  Barracks  
Show
View Real Time Build Order
Export as new Build Order

Pumba Protoss - Winner!

Build Orders: 1 Gate Expand 

Get SALT Encoding   

  12  0:00  Probe  
  13  0:13  Probe  
  14  0:18  Pylon  
  14  0:25  Probe  
  15  0:37  Probe (Chrono Boost)  
  15  0:42  Gateway  
  16  0:47  Probe (Chrono Boost)  
  16  0:48  Assimilator  
  17  0:53  Probe  
  18  1:05  Probe  
  19  1:18  Probe  
  20  1:30  Nexus  
  20  1:38  Probe  
  20  1:39  Cybernetics Core  
  21  1:44  Assimilator  
  21  1:50  Probe  
  22  1:54  Pylon  
  22  2:07  Probe  
  23  2:12  Adept (Chrono Boost)  
  25  2:16  Warp Gate  
  25  2:20  Probe  
  26  2:24  Robotics Facility  
  26  2:33  Probe (Chrono Boost), Stalker (Chrono Boost)  
  29  2:42  Probe (Chrono Boost)  
  31  2:50  Probe (Chrono Boost)  
  31  2:51  Probe (Chrono Boost)  
  32  2:56  Probe x2 (Chrono Boost)  
  34  3:08  Probe x2  
  36  3:14  Gateway  
  36  3:15  Observer, Gateway  
  37  3:20  Probe x2  
  37  3:22  Robotics Bay  
  37  3:26  Assimilator  
  39  3:28  Assimilator  
  39  3:30  Pylon  
  39  3:32  Probe  
  40  3:36  Probe  
  41  3:43  Warp Prism (Chrono Boost)  
  41  3:44  Probe (Chrono Boost)  
  45  3:50  Probe (Chrono Boost)  
  45  3:56  Probe (Chrono Boost)  
  47  4:05  Probe (Chrono Boost)  
  47  4:06  Probe (Chrono Boost)  
  47  4:08  Pylon  
  48  4:12  Probe  
  48  4:13  Stalker x2  
  48  4:14  Pylon  
  53  4:26  Disruptor (Chrono Boost)  
  56  4:33  Probe x2  
  58  4:39  Shield Battery  
  58  4:42  Sentry  
  58  4:45  Stalker x2  
  64  4:46  Gravitic Drive (Chrono Boost)  
  64  4:47  Observer  
  64  4:52  Probe  
  65  4:56  Disruptor (Chrono Boost)  
  68  5:01  Probe  
  68  5:04  Pylon  
  69  5:17  Nexus  
  69  5:20  Pylon  
  69  5:22  Probe  
  69  5:23  Probe  
  71  5:29  Twilight Council, Observer, Forge  
  71  5:31  Disruptor  
  71  5:35  Probe  
  75  5:53  Stalker x3  
  81  5:57  Shield Battery  
  81  6:06  Disruptor  
  84  6:12  Probe  
  84  6:13  Pylon  
  84  6:15  Pylon  
  84  6:17  Pylon  
  83  6:30  Stalker x2  
  83  6:31  Stalker  
  83  6:32  Disruptor  
  74  6:47  Blink (Chrono Boost)  
  74  6:49  Protoss Ground Weapons Level 1  
  74  6:54  Stalker x3  
  80  7:02  Probe x3  
  83  7:08  Immortal  
  87  7:18  Stalker x3  
  87  7:21  Probe x3  
  96  7:25  Assimilator  
  96  7:27  Photon Cannon  
  96  7:28  Assimilator, Pylon  
  96  7:31  Pylon  
  96  7:33  Probe x3  
  96  7:35  Photon Cannon x2  
  96  7:36  Shield Battery  
  86  8:03  Probe x2 (Chrono Boost)  
  89  8:10  Probe (Chrono Boost)  
  89  8:23  Pylon  
  89  8:28  Pylon  
  89  8:30  Stalker x3  
  95  8:35  Pylon  
  95  8:37  Pylon  
  95  8:40  Probe (Chrono Boost)  
  98  8:46  Probe x2 (Chrono Boost)  
  98  8:49  Observer  
  98  8:50  Robotics Facility, Pylon  
  98  8:51  Probe (Chrono Boost)  
  98  8:52  Gateway, Pylon  
  98  8:53  Gateway  
  98  8:54  Disruptor (Chrono Boost), Probe (Chrono Boost)  
  103  8:57  Gateway  
  103  9:01  Observer  
  103  9:02  Sentry  
  102  9:12  Stalker x2  
  106  9:25  Disruptor (Chrono Boost), Probe x2  
  106  9:26  Probe  
  112  9:38  Probe x3  
  115  9:43  Stalker  
  115  9:44  Zealot, Stalker  
Tags
 
Add a new tag
Caveats
  • Supply blocks, unpowered buildings, or Contaminate may cause inaccurate times.
  • Supply counts are checked every 10 seconds.